Map: Dusk Towers

Players

Miszu - Winner!

  • Race: Terran Terran
  • League: Master

LordJim

  • Race: Zerg Zerg
  • League: Master

VOD

Have the link to the VOD?

Description

Time

  • Played on: April 2, 2016, 11:16 a.m.
  • Length: 9:27
Show
View Real Time Build Order
Export as new Build Order

Miszu Terran - Winner!

Build Orders: MMM Bio 

Get SALT Encoding   

  12  0:01  SCV  
  13  0:13  SCV  
  14  0:17  Supply Depot  
  14  0:25  SCV  
  15  0:39  SCV  
  16  0:43  Barracks  
  16  0:46  Refinery  
  16  0:51  SCV  
  17  1:03  SCV  
  18  1:15  SCV  
  19  1:29  Orbital Command  
  19  1:30  Barracks Reactor  
  19  1:39  Command Center  
  19  1:48  Supply Depot  
  19  1:55  SCV  
  20  2:06  Reaper x2  
  20  2:07  SCV  
  23  2:19  SCV  
  24  2:25  Command Center  
  24  2:31  SCV  
  25  2:43  Reaper x2, SCV  
  25  2:51  Orbital Command  
  28  2:55  SCV  
  29  2:59  Refinery  
  29  3:05  Bunker  
  29  3:07  SCV  
  30  3:15  Reaper  
  30  3:19  Barracks  
  32  3:20  SCV  
  32  3:22  Barracks  
  32  3:30  SCV  
  32  3:31  Marine  
  32  3:32  SCV  
  35  3:38  SCV  
  36  3:42  SCV  
  36  3:48  Marine x2  
  37  3:57  SCV  
  38  4:03  Factory  
  38  4:04  SCV x2  
  38  4:06  Marine x2  
  39  4:12  SCV  
  39  4:15  Barracks Tech Lab  
  39  4:16  Barracks Tech Lab, SCV  
  41  4:20  Orbital Command  
  38  4:32  SCV  
  38  4:35  SCV  
  38  4:43  Marine x2  
  38  4:45  SCV  
  39  4:47  Stimpack, SCV  
  40  4:54  Marine x2  
  40  4:57  SCV  
  40  4:59  Starport, SCV  
  44  5:00  Factory Reactor, Orbital Command  
  44  5:01  Marine x2  
  46  5:09  Refinery, SCV  
  46  5:10  Refinery  
  46  5:11  SCV  
  46  5:12  Marine x2  
  50  5:18  Marine, Combat Shields  
  50  5:19  Marine  
  50  5:21  SCV  
  52  5:23  Supply Depot, SCV  
  52  5:25  Supply Depot  
  52  5:26  SCV  
  54  5:30  Marine x2  
  54  5:33  SCV  
  57  5:36  Marine x2, SCV  
  57  5:38  SCV  
  57  5:42  Factory Tech Lab  
  61  5:45  Medivac, SCV  
  61  5:46  Medivac  
  61  5:47  Marine  
  61  5:48  SCV  
  68  5:52  Engineering Bay, SCV  
  68  5:53  Engineering Bay  
  68  5:54  Supply Depot  
  68  5:55  Supply Depot  
  69  5:57  SCV  
  69  6:00  SCV  
  69  6:02  Siege Tank  
  75  6:04  SCV  
  75  6:06  Marine x2  
  77  6:15  Marine, SCV x2  
  77  6:16  SCV  
  81  6:20  Supply Depot  
  80  6:27  SCV  
  80  6:28  Marine x3  
  82  6:33  Marine  
  82  6:34  Siege Tank  
  82  6:38  SCV x2  
  82  6:39  SCV  
  89  6:41  Supply Depot  
  89  6:44  Terran Infantry Weapons Level 1, Terran Infantry Armor Level 1  
  89  6:46  Marine x3  
  92  6:48  Barracks  
  92  6:50  Barracks, SCV  
  93  6:54  Supply Depot  
  93  6:56  Marine, SCV  
  93  6:57  Medivac x2  
  99  7:03  Supply Depot, Marine  
  99  7:04  Marine x2  
  99  7:07  SCV x2  
  99  7:08  Armory  
  104  7:09  SCV  
  104  7:14  Marine  
  106  7:17  Supply Depot, Siege Tank  
  106  7:21  Marine  
  106  7:22  Marine  
  109  7:25  Supply Depot, Marine  
  110  7:32  Marine  
  110  7:33  Missile Turret  
  110  7:34  Missile Turret  
  111  7:37  Missile Turret  
  111  7:41  Marine x2  
  111  7:42  Medivac  
  111  7:43  Marine  
  116  7:45  Barracks Reactor x2  
  116  7:49  Barracks  
  116  7:50  Marine, Barracks  
  116  7:51  SCV x3  
  113  7:58  Marine  
  113  7:59  Marine  
  113  8:00  Marine  
  113  8:03  SCV x2  
  118  8:08  Marauder  
  118  8:13  Medivac, Siege Tank  
  118  8:14  Medivac  
  118  8:15  SCV  
  118  8:16  Marine  
  118  8:17  Supply Depot, Marine  
  118  8:18  Supply Depot, Marine  
  129  8:26  Marine  
  129  8:29  Marine  
  129  8:30  Marine x3  
  129  8:34  Marine x2, SCV x2  
  130  8:37  Supply Depot, Barracks Tech Lab, Marauder  
  130  8:38  Barracks Tech Lab  
  134  8:44  Marine  
  134  8:47  Marine  
  134  8:48  Marine x3  
  137  8:52  Marine x2  
  137  8:54  Siege Tank  
  148  8:57  SCV  
  148  8:58  Marauder  
  148  9:01  Marine x2  
  148  9:02  Marine  
  150  9:04  Marine  
  150  9:05  Marine  
  150  9:06  Marine  
Show
View Real Time Build Order
Export as new Build Order

LordJim Zerg 

Build Orders: Pool First 

Get SALT Encoding   

  12  0:02  Drone  
  13  0:09  Drone  
  14  0:17  Overlord  
  14  0:25  Extractor, Drone  
  15  0:35  Drone  
  15  0:36  Drone  
  15  0:38  Extractor  
  16  0:48  Spawning Pool  
  15  0:51  Drone  
  15  0:56  Drone  
  17  1:22  Hatchery  
  16  1:35  Roach Warren  
  16  1:37  Drone  
  16  1:47  Overlord  
  16  2:02  Queen  
  18  2:14  Roach x2  
  22  2:17  Roach  
  24  2:25  Roach  
  26  2:36  Roach  
  28  2:39  Roach  
  30  2:47  Ravager  
  31  2:52  Drone x2  
  31  2:54  Ravager  
  34  3:01  Drone  
  35  3:06  Extractor, Queen  
  35  3:10  Overlord  
  37  3:25  Overlord  
  37  3:30  Drone x3  
  40  3:39  Ravager  
  38  3:43  Drone  
  38  3:44  Drone x2  
  38  3:45  Drone  
  40  3:53  Drone x3  
  43  3:57  Drone  
  44  4:10  Ravager  
  44  4:12  Drone x2  
  44  4:14  Drone x3  
  44  4:15  Drone  
  51  4:17  Extractor  
  51  4:20  Extractor  
  49  4:33  Drone x2  
  46  4:41  Drone x3  
  43  4:49  Roach x3  
  43  4:50  Roach  
  51  4:53  Overlord  
  51  4:56  Hatchery  
  50  5:00  Overlord  
  50  5:04  Overlord  
  50  5:07  Lair  
  52  5:14  Roach  
  52  5:19  Ravager  
  52  5:20  Overlord  
  52  5:21  Overlord x2  
  53  5:24  Overlord  
  53  5:26  Drone  
  54  5:32  Drone  
  54  5:33  Drone x2  
  54  5:35  Overlord  
  57  5:38  Ravager x3  
  57  5:40  Ravager  
  61  5:43  Drone  
  61  5:45  Drone  
  61  5:47  Spore Crawler  
  62  5:52  Overlord, Drone  
  62  5:53  Drone  
  64  6:00  Drone x3  
  64  6:04  Drone x2  
  68  6:05  Glial Reconstitution  
  69  6:11  Evolution Chamber  
  69  6:13  Evolution Chamber  
  69  6:14  Queen  
  69  6:15  Drone  
  70  6:19  Drone x2  
  72  6:37  Zerg Missile Weapons Level 1  
  72  6:39  Zerg Ground Armor Level 1  
  72  6:40  Drone x6  
  72  6:41  Drone x4  
  72  6:42  Extractor  
  72  6:44  Extractor  
  80  6:50  Infestation Pit, Drone x3  
  80  6:53  Extractor  
  81  6:54  Overseer  
  81  6:57  Overlord  
  81  6:58  Drone  
  81  7:00  Overlord  
  82  7:04  Overlord  
  82  7:07  Roach  
  82  7:08  Roach  
  86  7:10  Overseer  
  86  7:13  Roach x3  
  86  7:14  Roach x2  
  96  7:21  Drone  
  85  7:24  Roach  
  85  7:25  Roach x4  
  90  7:32  Roach x3  
  88  7:38  Roach x2  
  78  7:46  Roach  
  78  7:47  Roach x3  
  75  7:56  Roach x3  
  76  8:02  Roach  
  76  8:03  Roach  
  77  8:15  Drone x7  
  84  8:26  Infestor x2  
  88  8:41  Queen  
  88  8:42  Drone x5  
  88  8:43  Drone  
  88  8:48  Infestor  
  98  8:51  Ravager  
  98  8:53  Ravager x2  
  98  8:55  Ravager  
  102  8:57  Roach  
  102  9:02  Drone x2  
Tags
 
Composition
MMM Bio
Matchup
TvZ
Opening
Pool First
Add a new tag
Caveats
  • Supply blocks, unpowered buildings, or Contaminate may cause inaccurate times.
  • Supply counts are checked every 10 seconds.